[ AOE2 MATCH · #493810568 ]
UnrankedRomans vs Bohemians
Player's team · WIN
Rival team · LOSS
[ REPLAY ANALYSIS · EXTRACTED FROM THE RECORDED GAME ]
Feudal
8:28
Castle
23:31
Imperial
29:05
| APM avg | 70.6 |
| APM peak | 134 |
| eAPM avg | 28.1 |
| Villagers / military | 83 / 39 |
Focus
⚔️ 47.7% · 🌾 52.3%
Archer ×17 · Monk ×15 · Trebuchet (Packed) ×7
Feudal
12:40
Castle
23:57
Imperial
—
| APM avg | 41.7 |
| APM peak | 72 |
| eAPM avg | 26.6 |
| Villagers / military | 130 / 31 |
Focus
⚔️ 37.1% · 🌾 62.9%
Skirmisher ×26 · Hussite Wagon ×4 · Monk ×1
Match map
Initial resources + every placement click. Lines = walls · curves = elevation contours. ◆ gold · ⬟ stone · ● berries · ✦ relic · ◌ wall gap
Your base· ✓ Closed at 23:31 · 14t walls · 3 gate(s)
DS_RJP's base· ✓ Closed at 23:57 · 33t walls · 3 gate(s)
Smoothed initial terrain · ◌ = detected wall gap · hover for details
Inputs per minute
— BeardyMan37 - - DS_RJP
Build order — BeardyMan37
First 150 of 230 actions detected
| 0:00 | Create | Villager (Male) ×4 |
| 0:02 | Build | House |
| 0:03 | Build | House |
| 0:38 | Build | Palisade Gate |
| 0:54 | Build | Palisade Wall |
| 0:59 | Build | Palisade Wall |
| 1:03 | Build | Palisade Wall |
| 1:11 | Build | Palisade Wall |
| 1:12 | Build | Palisade Wall |
| 1:15 | Build | Palisade Wall |
| 1:19 | Build | Palisade Wall |
| 1:22 | Build | Palisade Wall |
| 1:24 | Build | Palisade Wall |
| 1:26 | Build | Palisade Wall |
| 1:28 | Build | Palisade Wall |
| 1:33 | Build | Palisade Wall |
| 1:36 | Build | Palisade Wall |
| 1:40 | Build | Palisade Wall |
| 1:42 | Create | Villager (Male) |
| 1:58 | Create | Villager (Male) |
| 2:26 | Create | Villager (Male) |
| 2:55 | Create | Villager (Male) |
| 3:12 | Build | Lumber Camp |
| 3:17 | Create | Villager (Male) |
| 3:18 | Create | Villager (Male) |
| 3:37 | Create | Villager (Male) |
| 3:46 | Create | Villager (Male) |
| 4:19 | Build | House |
| 4:20 | Create | Villager (Male) |
| 4:20 | Create | Villager (Male) |
| 4:37 | Create | Villager (Male) |
| 5:12 | Create | Villager (Male) |
| 5:19 | Build | Mining Camp |
| 5:21 | Create | Villager (Male) |
| 5:26 | Create | Villager (Male) |
| 5:52 | Research | Loom |
| 6:14 | Research | Feudal Age |
| 6:41 | Build | House |
| 7:18 | Create | Villager (Male) |
| 7:41 | Build | Barracks |
| 7:46 | Create | Villager (Male) |
| 8:28 | Age | Feudal Age |
| 8:33 | Create | Villager (Male) |
| 8:41 | Build | Watch Tower |
| 8:52 | Build | Archery Range |
| 8:58 | Create | Villager (Male) |
| 9:34 | Build | House |
| 9:35 | Build | House |
| 9:36 | Build | House |
| 9:46 | Create | Archer |
| 9:46 | Create | Archer |
| 9:46 | Create | Archer |
| 9:57 | Create | Villager (Male) |
| 10:14 | Create | Villager (Male) |
| 10:36 | Create | Villager (Male) |
| 10:44 | Build | Mining Camp |
| 10:53 | Create | Archer |
| 10:58 | Create | Archer |
| 11:27 | Create | Villager (Male) |
| 11:36 | Build | Blacksmith |
| 11:42 | Create | Villager (Male) |
| 11:47 | Create | Archer |
| 12:02 | Create | Villager (Male) |
| 12:19 | Create | Archer |
| 12:22 | Create | Villager (Male) |
| 13:03 | Create | Villager (Male) |
| 13:18 | Create | Villager (Male) |
| 13:18 | Create | Villager (Male) |
| 13:40 | Create | Villager (Male) |
| 13:51 | Research | Fletching |
| 13:52 | Research | Fletching |
| 13:53 | Create | Villager (Male) |
| 13:58 | Build | Mill |
| 14:02 | Build | House |
| 14:02 | Build | House |
| 14:03 | Create | Archer |
| 14:25 | Build | Watch Tower |
| 14:26 | Create | Villager (Male) |
| 14:28 | Create | Villager (Male) |
| 14:30 | Build | Farm |
| 14:32 | Build | Farm |
| 14:34 | Build | Farm |
| 14:36 | Build | Farm |
| 14:38 | Build | Farm |
| 14:41 | Create | Archer |
| 15:08 | Create | Villager (Male) |
| 15:11 | Build | Farm |
| 15:16 | Build | House |
| 15:37 | Create | Villager (Male) |
| 15:38 | Create | Archer |
| 15:44 | Build | Watch Tower |
| 15:48 | Create | Villager (Male) |
| 15:54 | Build | Watch Tower |
| 15:56 | Create | Archer |
| 16:04 | Create | Villager (Male) |
| 16:07 | Build | Farm |
| 16:10 | Build | Farm |
| 16:34 | Create | Villager (Male) |
| 16:34 | Create | Villager (Male) |
| 16:56 | Create | Villager (Male) |
| 16:58 | Build | Farm |
| 16:59 | Build | Farm |
| 17:02 | Build | Farm |
| 17:02 | Create | Archer |
| 17:32 | Create | Villager (Male) |
| 17:44 | Create | Archer |
| 17:46 | Build | Farm |
| 17:46 | Build | Farm |
| 17:49 | Create | Archer |
| 17:50 | Create | Villager (Male) |
| 17:51 | Create | Villager (Male) |
| 17:52 | Create | Villager (Male) |
| 17:52 | Create | Villager (Male) |
| 18:03 | Create | Villager (Male) |
| 18:08 | Research | Double-Bit Axe |
| 18:09 | Research | Double-Bit Axe |
| 18:12 | Research | Horse Collar |
| 18:12 | Research | Horse Collar |
| 18:13 | Create | Villager (Male) |
| 18:14 | Create | Villager (Male) |
| 18:21 | Create | Villager (Male) |
| 19:11 | Build | Farm |
| 19:11 | Build | Farm |
| 19:13 | Create | Archer |
| 19:14 | Create | Villager (Male) |
| 19:18 | Create | Archer |
| 20:08 | Build | Market |
| 20:10 | Create | Villager (Male) |
| 20:17 | Build | Lumber Camp |
| 20:18 | Create | Archer |
| 20:51 | Research | Castle Age |
| 21:13 | Build | Stable |
| 21:51 | Build | House |
| 21:52 | Build | House |
| 21:53 | Build | House |
| 21:54 | Build | House |
| 21:55 | Build | House |
| 21:56 | Build | House |
| 22:32 | Build | House |
| 22:32 | Build | House |
| 22:40 | Create | Villager (Male) |
| 22:46 | Research | Gold Mining |
| 22:46 | Research | Gold Mining |
| 22:50 | Research | Stone Mining |
| 22:50 | Research | Stone Mining |
| 23:31 | Age | Castle Age |
| 23:34 | Build | Monastery |
| 23:43 | Build | Farm |
| 23:45 | Research | Bow Saw |
| 23:46 | Create | Villager (Male) |
Build order — DS_RJP
First 150 of 298 actions detected
| 0:01 | Create | Villager (Male) |
| 0:02 | Create | Villager (Male) |
| 0:02 | Create | Villager (Male) |
| 0:02 | Create | Villager (Male) |
| 0:03 | Build | House |
| 0:05 | Build | House |
| 0:09 | Build | House |
| 1:26 | Create | Villager (Male) |
| 1:43 | Create | Villager (Male) |
| 1:50 | Build | Lumber Camp |
| 2:14 | Create | Villager (Male) |
| 2:43 | Create | Villager (Male) |
| 3:13 | Create | Villager (Male) |
| 3:13 | Create | Villager (Male) |
| 3:40 | Create | Villager (Male) |
| 3:54 | Build | House |
| 3:55 | Build | House |
| 3:56 | Build | House |
| 4:00 | Build | House |
| 4:05 | Create | Villager (Male) |
| 4:21 | Create | Villager (Male) |
| 4:46 | Build | Mill |
| 4:59 | Create | Villager (Male) |
| 5:30 | Create | Villager (Male) |
| 5:42 | Build | Palisade Gate |
| 5:46 | Create | Villager (Male) |
| 5:46 | Create | Villager (Male) |
| 5:48 | Create | Villager (Male) |
| 5:48 | Create | Villager (Male) |
| 5:55 | Build | Palisade Wall |
| 6:07 | Create | Villager (Male) |
| 6:09 | Build | Palisade Wall |
| 6:10 | Build | Palisade Wall |
| 6:12 | Build | Palisade Wall |
| 6:14 | Build | Palisade Wall |
| 6:16 | Build | Palisade Wall |
| 6:19 | Build | Palisade Wall |
| 6:21 | Build | Palisade Wall |
| 6:23 | Create | Villager (Male) |
| 6:26 | Build | Palisade Wall |
| 6:31 | Build | Palisade Wall |
| 6:34 | Create | Villager (Male) |
| 6:34 | Create | Villager (Male) |
| 6:37 | Build | Lumber Camp |
| 6:59 | Create | Villager (Male) |
| 7:06 | Create | Villager (Male) |
| 7:06 | Create | Villager (Male) |
| 7:15 | Build | Farm |
| 7:31 | Create | Villager (Male) |
| 7:36 | Create | Villager (Male) |
| 7:36 | Create | Villager (Male) |
| 7:57 | Create | Villager (Male) |
| 8:03 | Build | Farm |
| 8:28 | Build | Farm |
| 8:35 | Research | Loom |
| 9:04 | Create | Villager (Male) |
| 9:04 | Create | Villager (Male) |
| 9:12 | Build | Palisade Wall |
| 9:16 | Build | Palisade Wall |
| 9:18 | Create | Villager (Male) |
| 9:35 | Build | Palisade Wall |
| 9:45 | Build | Palisade Wall |
| 10:03 | Build | Palisade Wall |
| 10:09 | Build | Mining Camp |
| 10:23 | Research | Feudal Age |
| 11:14 | Build | Palisade Wall |
| 12:23 | Build | Palisade Wall |
| 12:40 | Age | Feudal Age |
| 12:43 | Build | Watch Tower |
| 12:49 | Create | Villager (Male) |
| 12:50 | Create | Villager (Male) |
| 12:53 | Create | Villager (Male) |
| 12:53 | Create | Villager (Male) |
| 12:56 | Build | House |
| 13:01 | Create | Villager (Male) |
| 13:04 | Create | Villager (Male) |
| 13:04 | Create | Villager (Male) |
| 13:17 | Create | Villager (Male) |
| 13:18 | Create | Villager (Male) |
| 13:18 | Create | Villager (Male) |
| 13:18 | Create | Villager (Male) |
| 13:20 | Build | Watch Tower |
| 13:21 | Create | Villager (Male) |
| 13:21 | Create | Villager (Male) |
| 13:36 | Create | Villager (Male) |
| 13:38 | Create | Villager (Male) |
| 14:11 | Create | Villager (Male) |
| 14:12 | Build | Blacksmith |
| 14:13 | Create | Villager (Male) |
| 14:24 | Build | Palisade Wall |
| 14:25 | Build | Palisade Wall |
| 14:30 | Create | Villager (Male) |
| 14:48 | Research | Fletching |
| 14:54 | Create | Villager (Male) |
| 14:58 | Build | Watch Tower |
| 14:59 | Create | Villager (Male) |
| 15:02 | Build | Farm |
| 15:59 | Create | Villager (Male) |
| 16:02 | Create | Villager (Male) |
| 16:13 | Create | Villager (Male) |
| 16:14 | Build | Stone Wall |
| 16:32 | Create | Villager (Male) |
| 16:34 | Create | Villager (Male) |
| 16:48 | Build | Farm |
| 16:52 | Build | Mining Camp |
| 16:53 | Create | Villager (Male) |
| 16:55 | Create | Villager (Male) |
| 16:57 | Create | Villager (Male) |
| 17:08 | Create | Villager (Male) |
| 17:08 | Create | Villager (Male) |
| 17:24 | Build | Farm |
| 17:27 | Build | Farm |
| 17:55 | Create | Villager (Male) |
| 17:55 | Create | Villager (Male) |
| 18:12 | Build | Watch Tower |
| 18:14 | Create | Villager (Male) |
| 18:17 | Create | Villager (Male) |
| 18:20 | Create | Villager (Male) |
| 19:09 | Create | Villager (Male) |
| 19:32 | Create | Villager (Male) |
| 19:59 | Build | Stone Wall |
| 20:00 | Create | Villager (Male) |
| 20:15 | Build | Market |
| 20:39 | Research | Town Watch |
| 21:06 | Build | House |
| 21:09 | Build | Farm |
| 21:18 | Research | Castle Age |
| 21:18 | Research | Castle Age |
| 21:36 | Build | House |
| 21:36 | Build | House |
| 21:42 | Create | Villager (Male) |
| 22:13 | Research | Double-Bit Axe |
| 22:19 | Build | Lumber Camp |
| 22:36 | Build | House |
| 23:03 | Create | Villager (Male) |
| 23:07 | Research | Horse Collar |
| 23:34 | Build | Farm |
| 23:35 | Create | Villager (Male) |
| 23:57 | Age | Castle Age |
| 24:04 | Build | Castle |
| 24:11 | Build | Town Center |
| 24:15 | Research | Bow Saw |
| 24:16 | Research | Heavy Plow |
| 24:17 | Create | Villager (Male) |
| 24:37 | Create | Villager (Male) |
| 24:44 | Build | Monastery |
| 24:58 | Build | Town Center |
| 25:07 | Create | Villager (Male) |
| 25:17 | Build | Farm |
| 25:29 | Create | Hussite Wagon |
Match timeline
| 0:54 | BeardyMan37 · wall_segment Palisade Wall x1 |
| 0:59 | BeardyMan37 · wall_segment Palisade Wall x1 |
| 1:03 | BeardyMan37 · wall_segment Palisade Wall x1 |
| 1:11 | BeardyMan37 · wall_segment Palisade Wall x1 |
| 1:12 | BeardyMan37 · wall_segment Palisade Wall x1 |
| 1:15 | BeardyMan37 · wall_segment Palisade Wall x1 |
| 1:19 | BeardyMan37 · wall_segment Palisade Wall x1 |
| 1:22 | BeardyMan37 · wall_segment Palisade Wall x1 |
| 1:24 | BeardyMan37 · wall_segment Palisade Wall x1 |
| 1:26 | BeardyMan37 · wall_segment Palisade Wall x1 |
| 1:28 | BeardyMan37 · wall_segment Palisade Wall x1 |
| 1:33 | BeardyMan37 · wall_segment Palisade Wall x1 |
| 1:36 | BeardyMan37 · wall_segment Palisade Wall x1 |
| 1:40 | BeardyMan37 · wall_segment Palisade Wall x1 |
| 5:55 | DS_RJP · wall_segment Palisade Wall x1 |
| 6:09 | DS_RJP · wall_segment Palisade Wall x1 |
| 6:10 | DS_RJP · wall_segment Palisade Wall x1 |
| 6:12 | DS_RJP · wall_segment Palisade Wall x1 |
| 6:14 | DS_RJP · wall_segment Palisade Wall x1 |
| 6:16 | DS_RJP · wall_segment Palisade Wall x1 |
| 6:19 | DS_RJP · wall_segment Palisade Wall x1 |
| 6:21 | DS_RJP · wall_segment Palisade Wall x1 |
| 6:26 | DS_RJP · wall_segment Palisade Wall x1 |
| 6:31 | DS_RJP · wall_segment Palisade Wall x1 |
| 7:41 | BeardyMan37 · first_building Barracks |
| 8:28 | BeardyMan37 · age_up feudal |
| 8:52 | BeardyMan37 · first_building Archery Range |
| 9:12 | DS_RJP · wall_segment Palisade Wall x7 |
| 9:16 | DS_RJP · wall_segment Palisade Wall x1 |
| 9:35 | DS_RJP · wall_segment Palisade Wall x1 |
| 9:45 | DS_RJP · wall_segment Palisade Wall x1 |
| 10:03 | DS_RJP · wall_segment Palisade Wall x1 |
| 11:14 | DS_RJP · wall_segment Palisade Wall x4 |
| 12:23 | DS_RJP · wall_segment Palisade Wall x5 |
| 12:40 | DS_RJP · age_up feudal |
| 14:24 | DS_RJP · wall_segment Palisade Wall x1 |
| 14:25 | DS_RJP · wall_segment Palisade Wall x1 |
| 16:14 | DS_RJP · wall_segment Stone Wall x1 |
| 19:59 | DS_RJP · wall_segment Stone Wall x1 |
| 21:13 | BeardyMan37 · first_building Stable |
| 22:11 | DS_RJP · first_market_buy 100 food |
| 23:31 | BeardyMan37 · age_up castle |
| 23:34 | BeardyMan37 · first_building Monastery |
| 23:57 | DS_RJP · age_up castle |
| 24:04 | DS_RJP · first_building Castle |
| 24:31 | BeardyMan37 · first_building Castle |
| 24:44 | DS_RJP · first_building Monastery |
| 25:11 | BeardyMan37 · first_market_sell 500 wood |
| 29:05 | BeardyMan37 · age_up imperial |
| 29:30 | DS_RJP · first_building Barracks |
| 30:28 | DS_RJP · first_building Archery Range |
| 31:04 | DS_RJP · first_market_sell 100 wood |
| 31:19 | BeardyMan37 · first_market_buy 500 wood |
| 35:31 | DS_RJP · resign |
[ AI ANALYSIS · 1 CREDIT ]
What really happened in this match?
Wolo.gg analyzes every decision: build order, eco, micro, common mistakes by bracket. Personalized analysis on WhatsApp or Discord in 30 seconds.
Civ guide
Romans
Perfil
BeardyMan37